 Dungeon Crawl Stone Soup version 0.24.0-125-gc4c63601f3 (webtiles) character file.

Game seed: 15666509539447643628, levelgen mode: deterministic

399347 hazymike the Warrior (level 23, -9/152 HPs)
             Began as a Tengu Artificer on Feb 28, 2020.
             Was a Follower of Uskayaw.
             Shot with an arrow by something (11 damage)
             ... on level 2 of the Elven Halls on Feb 29, 2020.
             The game lasted 08:58:44 (81723 turns).

hazymike the Warrior (Tengu Artificer)             Turns: 81723, Time: 08:58:44

Health: -9/152     AC: 16    Str: 18    XL:     23   Next: 27%
Magic:  12/12      EV: 20    Int: 15    God:    Uskayaw [*.....]
Gold:   3419       SH: 21    Dex: 22    Spells: 24/26 levels left

rFire    + + +     SeeInvis .   c - +1 morningstar (antimagic)
rCold    + . .     Gourm    .   D - +0 shield
rNeg     + + .     Faith    .   P - +4 ring mail {rF+}
rPois    +         Spirit   .   j - -2 hat of the Alchemist {rElec rPois rF+ rC+ rN+ MR+ rMut rCorr}
rElec    +         Reflect  +   y - +2 cloak
rCorr    +         Harm     .   q - +1 pair of gloves
rMut     +                      (boots unavailable)
MR       +++..                  U - +6 amulet of reflection
Stlth    ++........             h - ring of protection from magic
HPRegen  0.35/turn              T - ring of the Water Diviner {rF+ rN+ Dex+6 Slay+5}
MPRegen  0.13/turn

@: very slightly contaminated
A: beak, talons 3, able to fly
}: 2/15 runes: decaying, gossamer
a: Fly, Stomp, Renounce Religion


You were on level 2 of the Elven Halls.
You worshipped Uskayaw.
Uskayaw was pleased with you.
You were not hungry.

You visited 8 branches of the dungeon, and saw 38 of its levels.
You also visited: Ossuary, Gauntlet, Volcano and Wizlab.

You collected 4359 gold pieces.
You spent 940 gold pieces at shops.

Inventory:

Hand Weapons
 a - a +2 whip of venom
 b - a +1 whip of draining
 c - a +1 antimagic morningstar (weapon)
 d - a +2 vampiric whip
Missiles
 e - 9 javelins (quivered)
 g - 2 throwing nets
 v - 7 curare-tipped darts
 R - 17 poisoned darts
Armour
 j - the -2 hat of the Alchemist (worn) {rElec rPois rF+ rC+ rN+ MR+ rMut rCorr}
   (You found it in a wizard's laboratory)

   It protects you from fire.
   It protects you from cold.
   It insulates you from electricity.
   It protects you from poison.
   It protects you from negative energy.
   It affects your resistance to hostile enchantments.
   It provides partial protection from all sources of acid and corrosion.
   It protects you from mutation.
 q - a +1 pair of gloves (worn)
 y - a +2 cloak (worn)
 D - a +0 shield (worn)
 P - a +4 ring mail of fire resistance (worn)
Jewellery
 h - a ring of protection from magic (left hand)
 I - an uncursed ring of protection from cold
 L - an uncursed ring of protection from magic
 T - the ring of the Water Diviner (right hand) {rF+ rN+ Dex+6 Slay+5}
   (You acquired it on level 5 of the Lair of Beasts)

   [ring of protection from fire]

   It affects your dexterity (+6).
   It affects your accuracy and damage with ranged weapons and melee attacks
   (+5).
   It protects you from fire.
   It protects you from negative energy.
 U - a +6 amulet of reflection (around neck)
Wands
 m - a wand of flame (33)
 F - a wand of scattershot (15)
 H - a wand of digging (12)
 J - a wand of iceblast (19)
 K - a wand of enslavement (17)
 M - a wand of acid (22)
 Q - a wand of paralysis (11)
 X - a wand of clouds (11)
Scrolls
 l - 8 scrolls of immolation
 o - 6 scrolls of summoning
 r - 2 scrolls of fog
 w - 8 scrolls of blinking
 x - 15 scrolls of teleportation
 B - a scroll of silence
 C - 2 scrolls of holy word
 N - 4 scrolls of fear
 Z - 3 scrolls of vulnerability
Potions
 i - 3 potions of agility
 p - 12 potions of might
 s - 2 potions of resistance
 t - 5 potions of heal wounds
 z - a potion of invisibility
 A - 3 potions of haste
 E - 4 potions of ambrosia
 G - 2 potions of cancellation
 V - 2 potions of berserk rage
 W - 6 potions of curing
Miscellaneous
 n - a phial of floods
 u - a lamp of fire
 O - a fan of gales
 S - a lightning rod (4/4)
 Y - a lightning rod (4/4)
Comestibles
 f - 42 rations
 k - a chunk of flesh


   Skills:
 + Level 18.2 Fighting
   Level 1.6 Short Blades
 - Level 16.0 Maces & Flails
   Level 4.1 Polearms
 + Level 14.3 Armour
 - Level 10.0 Dodging
 - Level 2.0 Stealth
 + Level 16.1 Shields
 - Level 2.1 Spellcasting
 - Level 4.0 Transmutations
 - Level 4.0 Earth Magic
 + Level 15.6 Invocations
 - Level 16.0 Evocations


You had 24 spell levels left.
You knew the following spells:

 Your Spells              Type           Power        Failure   Level  Hunger
a - Passwall              Tmut/Erth      ##......     10%         2    ###....

Your spell library contained the following spells:

 Spells                   Type           Power        Failure   Level  Hunger
 Beastly Appendage        Tmut           ##....       6%          1    #......
 Sticks to Snakes         Tmut           ##......     10%         2    ###....
 Animate Skeleton         Necr           N/A          32%         1    #......
 Apportation              Tloc           #.....       32%         1    #......
 Confusing Touch          Hex            #.....       32%         1    #......
 Flame Tongue             Conj/Fire      #....        32%         1    #......
 Infusion                 Chrm           #...         32%         1    #......
 Magic Dart               Conj           #...         32%         1    #......
 Sting                    Conj/Pois      #...         32%         1    #......
 Summon Small Mammal      Summ           #...         32%         1    #......
 Spider Form              Tmut/Pois      #.........   38%         3    ###....
 Blink                    Tloc           N/A          43%         2    ###....
 Call Imp                 Summ           #.......     43%         2    ###....
 Corpse Rot               Necr           N/A          43%         2    ###....
 Poisonous Vapours        Pois/Air       #.....       43%         2    ###....
 Searing Ray              Conj           #.....       43%         2    ###....
 Shroud of Golubria       Chrm/Tloc      #.....       43%         2    ###....
 Slow                     Hex            #.......     43%         2    ###....
 Song of Slaying          Chrm           #.......     43%         2    ###....
 Sublimation of Blood     Necr           #.........   43%         2    ###....
 Throw Flame              Conj/Fire      #.....       43%         2    ###....
 Ignite Poison            Fire/Tmut/Pois #.......     50%         3    ###....
 Petrify                  Tmut/Erth      ##......     52%         4    #####..
 Call Canine Familiar     Summ           #.......     67%         3    ###....
 Conjure Flame            Conj/Fire      #.......     67%         3    ###....
 Dazzling Spray           Conj/Hex       #.....       67%         3    ###....
 Gell's Gravitas          Tloc           #.........   67%         3    ###....
 Inner Flame              Hex/Fire       #.......     67%         3    ###....
 Lesser Beckoning         Tloc           #.........   67%         3    ###....
 Mephitic Cloud           Conj/Pois/Air  #.......     67%         3    ###....
 Regeneration             Chrm/Necr      #.........   67%         3    ###....
 Spectral Weapon          Hex/Chrm       #.......     67%         3    ###....
 Summon Guardian Golem    Hex/Summ       #.......     67%         3    ###....
 Ice Form                 Ice/Tmut       #.......     80%         4    #####..
 Blade Hands              Tmut           ##........   86%         5    ######.
 Force Lance              Conj/Tloc      #.......     97%         4    #####..
 Fulminant Prism          Conj/Hex       #.........   97%         4    #####..
 Iskenderun's Mystic Bla  Conj           #.......     97%         4    #####..
 Olgreb's Toxic Radiance  Pois           #.......     97%         4    #####..
 Sticky Flame             Conj/Fire      #.......     97%         4    #####..
 Summon Ice Beast         Ice/Summ       #.......     97%         4    #####..
 Summon Lightning Spire   Summ/Air       #.......     97%         4    #####..
 Alistair's Intoxication  Tmut/Pois      #.......     98%         5    ######.
 Irradiate                Conj/Tmut      #.........   98%         5    ######.
 Agony                    Necr           #.......     100%        5    ######.
 Bolt of Draining         Conj/Necr      #.........   100%        5    ######.
 Dispel Undead            Necr           #.......     100%        5    ######.
 Excruciating Wounds      Chrm/Necr      #.........   100%        5    ######.
 Fireball                 Conj/Fire      #.........   100%        5    ######.
 Summon Forest            Summ/Tloc      #.........   100%        5    ######.
 Venom Bolt               Conj/Pois      #.........   100%        5    ######.
 Freezing Cloud           Conj/Ice/Air   #.........   100%        6    #######
 Hydra Form               Tmut           ##........   100%        6    #######
 Statue Form              Tmut/Erth      ##.......    100%        6    #######
 Dragon Form              Tmut           ##........   100%        7    #######
 Ring of Flames           Chrm/Fire      #.........   100%        7    #######


Dungeon Overview and Level Annotations

Branches:
Dungeon (15/15)            Temple (1/1) D:5            Lair (6/6) D:10
  Swamp (4/4) Lair:3       Spider (4/4) Lair:4        Slime (0/5) Lair:6
    Orc (2/2) D:10            Elf (2/3) Orc:2        Vaults (4/5) D:14
  Crypt (0/3) Vaults:2     Depths (0/5) D:15        Ossuary (visited)
Volcano (visited)          WizLab (visited)         Gauntlet (visited)

Altars:
Ashenzari
Cheibriados
Dithmenos
Elyvilon
Fedhas
Gozag
Hepliaklqana
Kikubaaqudgha
Makhleb
Nemelex Xobeh
Okawaru
Qazlal
Ru
Sif Muna
Trog
Uskayaw
Vehumet
Wu Jian
Xom
Yredelemnul
Zin
The Shining One
Beogh

Shops:
D:8 !   Orc:2 [[(}=   Vaults:2 ?

Portals:
Trove: D:11 (give 9 potions of haste)

Annotations:
Lair:5 2 transporters, Vig Uhad's ghost, journeyman OpTm
Swamp:2 1 runed translucent door, 2 transporters, exclusion: door, Tommers's ghost, adept SpEn
Vaults:3 exclusion: 3 doors


Innate Abilities, Weirdness & Mutations

You have a beak for a mouth.
You have claws for feet.
You can fly continuously.


Message History

You peck the +2 war axe of chopping, but do no damage.
The +2 war axe of chopping hits you!
* * * LOW HITPOINT WARNING * * *
x2
Press: ? - help, v - describe, . - travel
Here: a +2 war axe of chopping The floor, spattered with blood.
Blink to where?
Press: ? - help, Dir - move target cursor You are very lightly contaminated with residual magic.
As you read the scroll of blinking, it crumbles to dust.
You can no longer pass through a line of other dancers.
There is an escape hatch in the ceiling, spattered with blood here.
Things that are here:
a +0 long sword of holy wrath; a +0 leather armour You hear a twanging sound.
An arrow appears from out of thin air!
The arrow hits you!
* * * LOW HITPOINT WARNING * * *
You hear a twanging sound.
An arrow appears from out of thin air!
The arrow hits you!
You die...

#.## #..#.#.....#...'e'#... .##
#....#.....).).')##... ?########
##.#.#.....#...'.+#... .#......#
##..{##....#...##+.... .#.####.#
##..#..###+#######.....
........###.#.............##.....
...####.##.##.#.#(#.#.#.#.##.....
...#.>.....##.............###....
...#.##.##.#####@###......# ##...
.....##.###.###.## #......# ##.).
^.......# ##..)## #......###..)#
..#####.###.###.## ###...###..)##
..#####.##.## ##.## ##.## ##.).#
..).)...#.## ##.#####.### ##...
'########.# #.#.......# #... ..##
#.## ##)#.###^### .... ...##
##.## ##.##.# #.## .....


You could see a +2 war axe of chopping.

Vanquished Creatures
  Sojobo (Vaults:4)
  Xtahua (Vaults:2)
  Saint Roka (Orc:2)
  Nikola (Vaults:2)
  A mutant beast (WizLab)
  Arachne (Spider:4)
  A deep elf blademaster (Elf:2)
  Frances (Swamp:2)
  2 thorn hunters
  3 sphinxes
  Agnes (D:15)
  Kirke (Lair:4)
  3 tengu reavers
  A deep elf sorcerer (Vaults:3)
  18 vault wardens
  A frost giant (Vaults:4)
  3 ghost moths
  10 emperor scorpions
  7 very ugly things
  6 stone giants
  15 ironheart preservers
  A war gargoyle (Vaults:3)
  8 entropy weavers
  A deep elf demonologist (Elf:1)
  3 deep elf annihilators
  2 spark wasps (shapeshifter) (WizLab)
  A red draconian (Volcano)
  A minotaur (Gauntlet)
  2 ettins
  2 deep elf death magi
  A crystal guardian (Vaults:3)
  2 yaktaur captains (Vaults:1)
  A fire dragon (Vaults:2)
  A deep elf high priest (Vaults:4)
  3 rakshasas
  4 great orbs of eyes
  19 vault guards
  Harold (Orc:1)
  30 hydras
  2 ice dragons (Vaults:2)
  A catoblepas (shapeshifter) (WizLab)
  A shambling mangrove (Swamp:3)
  4 centaur warriors
  10 alligators
  4 ghost crabs
  13 ogre magi
  19 dancing weapons
  29 two-headed ogres
  An orc high priest (Orc:2)
  4 tengu warriors (D:15)
  A vampire mage (D:15)
  A queen ant (Gauntlet)
  An alligator (shapeshifter) (Vaults:1)
  5 death yaks
  A shock serpent (shapeshifter) (WizLab)
  A soul eater (Gauntlet)
  11 deep elf knights
  2 fire crabs (shapeshifter) (WizLab)
  4 fire crabs (D:11)
  An iron golem (WizLab)
  7 skeletal warriors
  A shadow wraith (Vaults:4)
  14 swamp dragons
  2 unseen horrors (D:13)
  An unseen horror (shapeshifter) (WizLab)
  2 spriggan druids (Swamp:4)
  Pikel (D:8)
  2 necromancers
  A glowing orange brain (shapeshifter) (WizLab)
  3 lindwurms
  7 large abominations (WizLab)
  3 wizards
  17 ironbrand convokers
  14 orc knights
  A mana viper (shapeshifter) (WizLab)
  14 deep elf archers
  27 harpies
  6 orc sorcerers
  A shadow dragon zombie (D:15)
  A harpy (shapeshifter) (Vaults:2)
  A wolf spider zombie (D:13)
  37 wolf spiders
  2 orb spiders (shapeshifter) (WizLab)
  26 orb spiders
  53 deep elf magi
  A tengu skeleton (Vaults:2)
  20 elephants
  A shadow dragon skeleton (D:15)
  A manticore (D:12)
  8 cyclopes
  44 ugly things
  A moth of wrath (Spider:4)
  A guardian serpent (shapeshifter) (Vaults:3)
  13 vault sentinels
  3 frost giant skeletons (Vaults:2)
  An apocalypse crab (D:11)
  2 elephants (shapeshifter)
  7 black mambas
  A smoke demon (Gauntlet)
  2 black mambas (shapeshifter)
  27 spiny frogs
  4 human skeletons (Vaults:2)
  2 orc skeletons (Vaults:2)
  A rime drake (shapeshifter) (Vaults:2)
  2 elves (WizLab)
  A torpor snail (Lair:4)
  2 yaktaurs (shapeshifter) (WizLab)
  10 rime drakes
  A yaktaur zombie (Vaults:3)
  7 komodo dragons
  2 kobold demonologists (D:12)
  An efreet (D:15)
  17 yaktaurs
  A yaktaur skeleton (Vaults:2)
  18 demonic crawlers
  A jumping spider (shapeshifter) (Vaults:4)
  A meliai (shapeshifter) (WizLab)
  2 guardian mummies
  10 trolls
  A polar bear (shapeshifter) (Elf:1)
  46 jumping spiders
  3 meliai (Spider:3)
  A troll (shapeshifter) (WizLab)
  A queen bee (shapeshifter) (WizLab)
  6 polar bears
  A wind drake (shapeshifter) (Vaults:3)
  32 hornets
  A hornet (shapeshifter) (WizLab)
  45 slime creatures
  10 tyrant leeches
  19 blink frogs
  5 bog bodies
  A blink frog (shapeshifter) (WizLab)
  A slime creature (shapeshifter) (WizLab)
  6 dream sheep (Lair:6)
  13 hippogriffs
  A wolf spider simulacrum (D:15)
  A stone giant simulacrum (Vaults:2)
  An ice dragon zombie (D:15)
  A shadow (D:15)
  2 air elementals (Elf:1)
  A spriggan skeleton (D:15)
  92 redbacks
  23 spriggans
  2 water elementals
  A tarantella (shapeshifter) (Vaults:2)
  4 wyverns
  A vampire (D:15)
  4 spriggans (shapeshifter)
  2 wraiths
  35 yaks
  A ynoxinul (Gauntlet)
  3 basilisks
  A fire elemental (Elf:1)
  6 hogs
  13 humans
  39 tarantellas
  2 humans (shapeshifter)
  2 golden eyes (shapeshifter)
  2 hungry ghosts
  Grum (Lair:1)
  12 vampire mosquitoes
  A warg (shapeshifter) (WizLab)
  15 swamp worms
  11 insubstantial wisps
  6 wargs
  3 soldier ants (Gauntlet)
  17 water moccasins
  An acid dragon (shapeshifter) (D:14)
  A floating eye (shapeshifter) (WizLab)
  4 acid dragons
  A porcupine (shapeshifter) (WizLab)
  6 porcupines
  14 swamp drakes
  4 floating eyes (WizLab)
  9 small abominations (WizLab)
  A deep troll skeleton (Vaults:2)
  4 sky beasts
  50 orc warriors
  5 black bears
  A black bear (shapeshifter) (Vaults:3)
  33 ogres
  8 boggarts
  An ice beast (D:12)
  An ogre (shapeshifter) (Vaults:2)
  A necrophage (D:7)
  2 phantoms
  32 wolves
  8 centaurs
  10 crocodiles
  11 bullfrogs
  6 big kobolds
  An elf zombie (Ossuary)
  4 earth elementals
  4 gnoll sergeants
  2 wyvern zombies
  9 scorpions
  10 killer bees
  9 wights
  8 howler monkeys
  3 electric eels (Lair:4)
  A bullfrog zombie (D:5)
  11 crimson imps
  5 centaur zombies
  A human zombie (Ossuary)
  5 jellies
  2 hounds
  2 yaktaur simulacra
  25 orc priests
  32 orc wizards
  2 iron imps (Gauntlet)
  4 bullfrog skeletons
  3 iguanas
  13 worker ants
  3 hound zombies
  4 mummies
  2 worker ant zombies
  17 adders
  11 gnolls
  8 shadow imps
  4 oozes
  5 adder zombies
  A worm (D:2)
  A worm (shapeshifter) (WizLab)
  A dart slug (D:1)
  A leopard gecko (D:9)
  116 orcs
  5 bats
  2 giant cockroaches
  3 gnoll zombies
  3 goblins
  3 hobgoblins
  6 jackals
  8 kobolds
  3 quokkas
  3 frilled lizards
  4 goblin zombies (Ossuary)
  6 hobgoblin zombies
  A jackal skeleton (D:4)
  6 jackal zombies
  5 kobold zombies
  A leopard gecko skeleton (D:7)
  A leopard gecko zombie (D:6)
  A quokka skeleton (D:6)
  4 quokka zombies (Ossuary)
  8 rats
  2 rat zombies (Ossuary)
1855 creatures vanquished.

Vanquished Creatures (others)
  2 centaur warriors
  An ogre mage (Vaults:3)
  2 two-headed ogres (Volcano)
  A death yak (Lair:6)
  2 alligators (Swamp:4)
  A death drake (shapeshifter) (WizLab)
  A deep elf archer (Vaults:1)
  8 yaktaurs
  2 centaurs
  A hound zombie (D:8)
  3 orcs
  2 briar patches (Swamp:3)
  A bush (Lair:6)
  29 fungi
  16 plants
72 creatures vanquished.

Grand Total: 1927 creatures vanquished

Notes
Turn   | Place    | Note
-------+----------+-------------------------------------------
     0 | D:1      | hazymike the Tengu Artificer began the quest for the Orb.
     0 | D:1      | Reached XP level 1. HP: 12/12 MP: 4/4
   515 | D:1      | Reached XP level 2. HP: 16/16 MP: 5/5
  1497 | D:2      | Reached XP level 3. HP: 16/20 MP: 6/6
  1759 | D:2      | Reached skill level 1 in Polearms
  2149 | D:2      | Found a stormy altar of Qazlal.
  2263 | D:3      | Found a white marble altar of Elyvilon.
  2923 | D:3      | Reached XP level 4. HP: 26/26 MP: 7/7
  3037 | D:3      | Found a bloodstained altar of Trog.
  3333 | D:3      | Found a basalt altar of Yredelemnul.
  3618 | D:4      | Reached skill level 2 in Fighting
  3618 | D:4      | Gained mutation: You can fly continuously. [Tengu growth]
  3618 | D:4      | Reached XP level 5. HP: 29/30 MP: 8/8
  3969 | D:4      | Noticed an ogre
  4357 | D:4      | Noticed an ogre
  4837 | D:4      | Killed an ogre
  4837 | D:4      | Reached XP level 6. HP: 36/36 MP: 8/10
  5149 | D:5      | Entered Level 5 of the Dungeon
  5229 | D:5      | Found a burning altar of Makhleb.
  5630 | D:5      | Reached skill level 3 in Fighting
  5812 | D:5      | Found an ornate altar of the Wu Jian Council.
  5887 | D:5      | Found a staircase to the Ecumenical Temple.
  5898 | Temple   | Entered the Ecumenical Temple
  5906 | Temple   | Became a worshipper of Uskayaw the Reveler
  6058 | D:5      | Reached XP level 7. HP: 41/41 MP: 11/11
  6066 | D:5      | Reached * piety under Uskayaw
  6112 | D:5      | Reached skill level 1 in Maces & Flails
  6144 | D:5      | Reached skill level 1 in Invocations
  6294 | D:5      | Reached ** piety under Uskayaw
  6299 | D:5      | Reached *** piety under Uskayaw
  7193 | D:6      | Found a sand-covered staircase.
  7257 | Ossuary  | Entered an ossuary
  7353 | Ossuary  | Reached XP level 8. HP: 39/47 MP: 12/12
  7980 | D:6      | Found a radiant altar of Vehumet.
  8035 | D:6      | Found a faded altar of an unknown god.
  8035 | D:6      | Found a faded altar of an unknown god.
  8040 | D:6      | Found an ancient bone altar of Kikubaaqudgha.
  8044 | D:6      | Found a blossoming altar of Fedhas.
  8046 | D:6      | Found a shimmering blue altar of Sif Muna.
  8118 | D:6      | Found a snail-covered altar of Cheibriados.
  8118 | D:6      | Found a shattered altar of Ashenzari.
  8119 | D:6      | Found a bloodstained altar of Trog.
  8346 | D:6      | Reached skill level 4 in Fighting
  8346 | D:6      | Reached skill level 5 in Evocations
  8780 | D:6      | Reached skill level 5 in Dodging
  9250 | D:7      | Reached XP level 9. HP: 36/52 MP: 12/14
  9405 | D:7      | Reached skill level 5 in Maces & Flails
  9551 | D:7      | Found a glowing silver altar of Zin.
 10757 | D:6      | Reached skill level 5 in Fighting
 10757 | D:6      | Reached skill level 5 in Invocations
 11463 | D:8      | Found a shattered altar of Ashenzari.
 11502 | D:8      | Found Ohupiph's Distillery.
 11513 | D:8      | Bought a potion of might for 44 gold pieces
 11513 | D:8      | Bought a potion of mutation for 88 gold pieces
 11513 | D:8      | Bought a potion of resistance for 110 gold pieces
 11513 | D:8      | Bought a potion of brilliance for 44 gold pieces
 11513 | D:8      | Bought a potion of heal wounds for 55 gold pieces
 11513 | D:8      | Bought a potion of lignification for 33 gold pieces
 11513 | D:8      | Bought a potion of cancellation for 88 gold pieces
 11633 | D:8      | Reached XP level 10. HP: 18/59 MP: 15/15
 11847 | D:8      | Noticed Pikel
 11883 | D:8      | Killed Pikel
 13018 | D:9      | Reached **** piety under Uskayaw
 13042 | D:9      | Reached ***** piety under Uskayaw
 13362 | D:9      | Noticed a two-headed ogre
 13605 | D:9      | Killed a two-headed ogre
 13605 | D:9      | Reached skill level 6 in Fighting
 14244 | D:9      | Found a shimmering altar of Xom.
 14672 | D:10     | Entered Level 10 of the Dungeon
 14697 | D:10     | Noticed a two-headed ogre
 14765 | D:9      | Killed a two-headed ogre
 14765 | D:9      | Reached skill level 1 in Shields
 14765 | D:9      | Reached XP level 11. HP: 47/66 MP: 17/17
 15104 | D:10     | Found a staircase to the Orcish Mines.
 15625 | D:10     | Noticed a white ugly thing
 16058 | D:10     | Found a staircase to the Lair.
 16448 | D:10     | Reached skill level 7 in Fighting
 16896 | D:11     | Noticed a red ugly thing
 17077 | D:11     | Noticed a five-headed hydra
 17109 | D:10     | Killed a red ugly thing
 17109 | D:10     | Reached skill level 10 in Maces & Flails
 17217 | D:11     | Killed a five-headed hydra
 17217 | D:11     | Reached XP level 12. HP: 72/72 MP: 19/19
 17849 | D:11     | Found a portal to a secret trove of treasure.
 17927 | D:11     | Found a runed translucent door.
 18067 | D:11     | Found a sacrificial altar of Ru.
 18236 | Lair:1   | Entered Level 1 of the Lair of Beasts
 18547 | Lair:1   | Noticed Grum
 18746 | Lair:1   | Killed Grum
 19498 | Lair:2   | Reached skill level 8 in Fighting
 20184 | Lair:2   | Reached skill level 5 in Shields
 20965 | Lair:3   | Noticed a four-headed hydra
 20968 | Lair:3   | Killed a four-headed hydra
 20968 | Lair:3   | Reached XP level 13. HP: 78/78 MP: 21/21
 21111 | Lair:3   | Reached skill level 10 in Invocations
 22685 | Lair:3   | Found a staircase to the Swamp.
 24320 | Lair:4   | Found a hole to the Spider Nest.
 24769 | Lair:4   | Reached skill level 9 in Fighting
 25361 | Lair:4   | Noticed Kirke
 26089 | Lair:4   | Killed Kirke
 26855 | Lair:5   | Found a transporter.
 26866 | Lair:5   | Found a transporter.
 26867 | Lair:5   | Identified the cursed +3 trident "Myuled" {holy, rC+
                  | Stlth+}
 26884 | Lair:5   | Noticed Vig Uhad's ghost (journeyman OpTm)
 26889 | Lair:5   | Identified the cursed +1 spear of Puzez {antimagic, Dex+3}
 26936 | Lair:5   | Found a dark tunnel.
 26941 | Volcano  | Entered a volcano
 27418 | Volcano  | Reached XP level 14. HP: 45/86 MP: 23/23
 27823 | Volcano  | Noticed a red draconian
 27853 | Volcano  | Killed a red draconian
 27978 | Lair:5   | Identified a scroll of acquirement
 27979 | Lair:5   | Got a sparkling granite ring
 27981 | Lair:5   | Identified the ring of the Water Diviner {rF+ rN+ Dex+6
                  | Slay+5} (You acquired it on level 5 of the Lair of Beasts)
 28152 | Lair:5   | Found a bloodstained altar of Trog.
 29132 | Lair:6   | Entered Level 6 of the Lair of Beasts
 30114 | Lair:6   | Reached skill level 10 in Evocations
 30778 | Lair:6   | Reached skill level 10 in Fighting
 30941 | Lair:6   | Found a staircase to the Slime Pits.
 31569 | Lair:6   | Reached XP level 15. HP: 92/92 MP: 25/25
 32155 | Lair:6   | Identified the +2 robe of the Black Moon {rCorr Str+6
                  | Stlth+}
 34665 | D:11     | Reached skill level 15 in Maces & Flails
 35475 | D:13     | Found a gate leading to a gauntlet.
 35487 | Gauntlet | Entered a Gauntlet
 35487 | Gauntlet | Found a large runed translucent door.
 35487 | Gauntlet | Found a large runed translucent door.
 35487 | Gauntlet | Found a large runed translucent door.
 35487 | Gauntlet | Found a large runed translucent door.
 35487 | Gauntlet | Found a large runed translucent door.
 35487 | Gauntlet | Found a large runed translucent door.
 35487 | Gauntlet | Found a large runed translucent door.
 35487 | Gauntlet | Found a large runed translucent door.
 35487 | Gauntlet | Found a runed translucent door.
 35487 | Gauntlet | Found a runed translucent gate.
 35487 | Gauntlet | Found a transporter.
 35487 | Gauntlet | Found a transporter.
 35487 | Gauntlet | Found a runed translucent gate.
 35487 | Gauntlet | Found a transporter.
 35491 | Gauntlet | Found a transporter.
 35492 | Gauntlet | Found a runed translucent gate.
 35492 | Gauntlet | Found a runed translucent door.
 35501 | Gauntlet | Found a transporter.
 35534 | Gauntlet | Found a large runed translucent door.
 35534 | Gauntlet | Found a large runed translucent door.
 35535 | Gauntlet | Found a large runed translucent door.
 35536 | Gauntlet | Found a large runed translucent door.
 35537 | Gauntlet | Found a large runed translucent door.
 35537 | Gauntlet | Found a large runed translucent door.
 35538 | Gauntlet | Found a large runed translucent door.
 35539 | Gauntlet | Found a large runed translucent door.
 35568 | Gauntlet | Found a transporter.
 35578 | Gauntlet | Found a transporter.
 35593 | Gauntlet | Found a transporter.
 35603 | Gauntlet | Found a transporter.
 35618 | Gauntlet | Found a transporter.
 35624 | Gauntlet | Found a transporter.
 35645 | Gauntlet | Found a transporter.
 35981 | Gauntlet | Identified the +6 long sword "Ozi Zuri" {protect, *Corrode
                  | rN+ Dex+4}
 36009 | Gauntlet | Reached skill level 11 in Fighting
 36024 | Gauntlet | Got a distressingly furry plate armour
 36025 | Gauntlet | Identified the +3 plate armour "Docyasob" {rElec rF+ Int+5}
                  | (You found it in a Gauntlet)
 36925 | Orc:1    | Entered Level 1 of the Orcish Mines
 37332 | Orc:1    | Noticed Harold
 37373 | Orc:1    | Killed Harold
 37684 | Orc:2    | Entered Level 2 of the Orcish Mines
 37830 | Orc:1    | Reached XP level 16. HP: 86/100 MP: 26/26
 38016 | Orc:2    | Found a staircase to the Elven Halls.
 38708 | Orc:2    | Found a roughly hewn altar of Beogh.
 38720 | Orc:2    | Found Vocoda's Gadget Emporium.
 38807 | Orc:2    | Found Sinuuke's Antique Armour Boutique.
 38823 | Orc:2    | Found a roughly hewn altar of Beogh.
 39027 | Orc:2    | Noticed Saint Roka
 40185 | Orc:2    | Killed Saint Roka
 40185 | Orc:2    | Reached skill level 10 in Shields
 40480 | Orc:2    | Found Zaulung's Antique Weapon Emporium.
 40484 | Orc:2    | Found a roughly hewn altar of Beogh.
 40488 | Orc:2    | Found Fapoeg's Antique Armour Shoppe.
 40576 | Orc:2    | Found a roughly hewn altar of Beogh.
 40641 | Orc:2    | Found a roughly hewn altar of Beogh.
 40673 | Orc:2    | Found Fomaulysch's Jewellery Emporium.
 40891 | Orc:2    | Found a roughly hewn altar of Beogh.
 40983 | Orc:2    | Bought a translucent scale mail for 243 gold pieces
 40983 | Orc:2    | Identified the +2 scale mail of Eternal Night {rElec MR-
                  | Str+7} (You bought it in a shop on level 2 of the Orcish
                  | Mines)
 40984 | Orc:2    | Bought a shiny chain mail for 202 gold pieces
 42057 | D:14     | Found a gate to the Vaults.
 42374 | D:15     | Entered Level 15 of the Dungeon
 42694 | D:15     | Reached skill level 12 in Fighting
 42819 | D:15     | Noticed Agnes
 42825 | D:15     | Killed Agnes
 43286 | D:15     | Found a staircase to the Depths.
 44270 | D:15     | Reached ****** piety under Uskayaw
 44658 | Swamp:1  | Entered Level 1 of the Swamp
 45127 | Swamp:1  | Reached XP level 17. HP: 88/108 MP: 9/27
 46158 | Swamp:2  | Noticed Frances
 47503 | Swamp:2  | Reached skill level 13 in Fighting
 48062 | Swamp:2  | Found a runed translucent door.
 48062 | Swamp:2  | Noticed Tommers's ghost (adept SpEn)
 48228 | Swamp:2  | Killed Frances
 48497 | Swamp:2  | Found a transporter.
 48596 | Swamp:2  | Found a transporter.
 49141 | Swamp:2  | HP: 1/109 [poison (poison gas)]
 51272 | Swamp:4  | Entered Level 4 of the Swamp
 53204 | Swamp:3  | Reached skill level 15 in Shields
 53208 | Swamp:3  | Reached skill level 14 in Fighting
 53595 | Swamp:4  | Reached XP level 18. HP: 116/116 MP: 28/28
 55430 | Swamp:4  | Reached skill level 15 in Fighting
 55598 | Swamp:4  | Got a decaying rune of Zot
 56063 | D:8      | Bought a potion of curing for 33 gold pieces
 56237 | Spider:1 | Entered Level 1 of the Spider Nest
 56340 | Lair:4   | Reached skill level 1 in Armour
 57180 | Spider:1 | Identified the Tome of Earth and Displacement
 58597 | Spider:2 | Reached skill level 5 in Armour
 59713 | Spider:3 | Identified the +0 cloak "Sinuj" {rCorr} (You acquired it on
                  | level 3 of the Spider Nest)
 60103 | Spider:3 | Got a smoking platinum amulet
 60107 | Spider:3 | Identified the amulet of Difutwas {Gourm rPois} (You found
                  | it on level 3 of the Spider Nest)
 60212 | Spider:3 | Reached XP level 19. HP: 118/124 MP: 29/29
 61201 | Spider:4 | Entered Level 4 of the Spider Nest
 61794 | Spider:4 | Noticed Arachne
 61816 | Spider:4 | Killed Arachne
 62439 | Spider:4 | Reached skill level 10 in Dodging
 63484 | Spider:4 | Got a gossamer rune of Zot
 63973 | Vaults:1 | Entered Level 1 of the Vaults
 64456 | Vaults:1 | Reached skill level 16 in Fighting
 64465 | Vaults:1 | Reached skill level 10 in Armour
 64469 | Vaults:1 | Learned a level 2 spell: Passwall
 64555 | Vaults:1 | Found a magical portal.
 65226 | WizLab   | Reached skill level 1 in Spellcasting
 65226 | WizLab   | Reached XP level 20. HP: 123/131 MP: 22/31
 65231 | WizLab   | Reached skill level 1 in Transmutations
 65300 | WizLab   | Reached skill level 1 in Earth Magic
 65378 | WizLab   | Paralysed by a floating eye for 4 turns
 65752 | WizLab   | Found the -2 hat of the Alchemist {rElec rPois rF+ rC+ rN+
                  | MR+ rMut rCorr}
 66172 | WizLab   | Identified Sif Muna's Papyrus of Changing
 66174 | WizLab   | Identified Cigotuvi's Almanac of Lethal Transformation
 66706 | Vaults:1 | Gained mutation: You tend to lose your temper in combat.
                  | [mutagenic glow]
 67380 | Vaults:1 | Lost mutation: You tend to lose your temper in combat.
                  | [potion of mutation]
 68425 | Vaults:2 | Noticed Xtahua
 69161 | Vaults:2 | Reached XP level 21. HP: 76/138 MP: 11/32
 69372 | Vaults:2 | Noticed Nikola
 70288 | Vaults:2 | Killed Xtahua
 70469 | Vaults:2 | Reached skill level 17 in Fighting
 70526 | Vaults:2 | Found Toblurph's Magic Scroll Shop.
 71356 | Vaults:2 | Found a staircase to the Crypt.
 72239 | Vaults:2 | Killed Nikola
 72547 | Vaults:2 | Reached skill level 15 in Evocations
 74366 | Vaults:3 | Reached XP level 22. HP: 112/145 MP: 12/34
 75333 | Vaults:3 | Reached skill level 15 in Invocations
 76228 | Vaults:4 | Noticed Sojobo
 76268 | Vaults:4 | Killed Sojobo
 78630 | Elf:1    | Entered Level 1 of the Elven Halls
 78795 | Elf:1    | Reached skill level 18 in Fighting
 79988 | Elf:1    | Reached XP level 23. HP: 149/152 MP: 11/35
 80844 | Elf:2    | Found a runed translucent gate.
 80845 | Elf:2    | Found a runed translucent gate.
 80845 | Elf:2    | Found a runed translucent gate.
 81723 | Elf:2    | HP: 2/152 [something (16)]
 81723 | Elf:2    | Shot with an arrow by something

Levels and vault maps discovered:
D:1:      lightli_iron_boxes, layout_loops_cross, glass_columns_b
D:2:      layout_loops_corners, nicolae_qazlal_eye_of_the_storm
D:3:      layout_rooms, lemuel_zombie_altar_yredelemnul, elyvilon_altar_3,
          first_ration, trog_book
D:4:      layout_rooms
D:5:      layout_cave_pods, kennysheep_mini, overflow_temple_1_default,
          minmay_temple_entry_proselytizer
D:6:      old_forge, layout_rooms, gammafunk_temple_overflow_claw,
          overflow_temple_1_default, chequers_temple_overflow_minitemple,
          nicolae_ossuary_entry_giza, minmay_between
D:7:      layout_loops_corners, zin_academy, grunt_livestock
D:8:      layout_basic, serial_shops, nicolae_shop_waterfront, basic_altar,
          uniq_pikel
D:9:      layout_stronghold, basic_altar, sword_in_stone
D:10:     layout_rooms, david_lair_generic,
          kennysheep_orc_monster_closet_entryway, hex_intersection
D:11:     gammafunk_mikee_crab_dinner, layout_basic,
          nicolae_trove_entry_path_of_doom, hangedman_ru_absence
D:12:     layout_long_grid
D:13:     layout_loops_ring, gauntlet_entry_generic
D:14:     layout_rooms, ximxim_vaults_locker_room,
          chequers_serial_rivers_micro_a
D:15:     gammafunk_depths_entry_grave, layout_stronghold, hangedman_aviary,
          uniq_agnes
Temple:   eino_temple_lava
Lair:1:   layout_cave_shapes, uniq_grum
Lair:2:   layout_gridlike, st_stairs_13, bh_autumn_forest_stairs
Lair:3:   layout_small_grid, skrybe_swamp_entry_bodies, grunt_megastairs_1,
          infiniplex_staircase_pool_2
Lair:4:   layout_regular_city, spider_nest_entry_web_field, serial_bayou_lake_a,
          serial_bayou_shore_b, uniq_kirke
Lair:5:   layout_hall_layers, enter_volcano_1,
          gammafunk_ghost_wrathful_warriors, minmay_lair_drake_nest
Lair:6:   minmay_lair_end_enchanted_forest, layout_concentric_octagons,
          nicolae_slime_entry_slimehenge, grunt_megastairs_2
Swamp:1:  layout_basic_swamp, serial_swamp_ruin, evilmike_swamp_ruin_house_2,
          evilmike_swamp_ruin_house_5, hangedman_swamp_ruin_wall
Swamp:2:  gammafunk_its_a_trap, layout_falls_marsh,
          ebering_ghost_reflecting_pool, evilmike_swamp_ruin_rubble_2,
          infiniplex_staircase_pool, uniq_frances
Swamp:3:  layout_basic_swamp, evilmike_swamp_ruin_house_1, swamp_pool4,
          st_swamp_mini
Swamp:4:  swamp_alternative, layout_basic_swamp, swamp_pool4,
          statue_in_the_mist_lemuel, nicolae_swamp_triple_paths,
          hangedman_swamp_lotus
Spider:1: layout_spider_delve
Spider:2: layout_spider_delve
Spider:3: layout_spider_delve, nicolae_spider_webs_and_nodes, drop_trap
Spider:4: grunt_spider_rune_parallel, uniq_arachne
Orc:1:    layout_diamond_mine, uniq_harold
Orc:2:    grunt_orc_community_town_hall, layout_diamond_mine,
          grunt_orc_community_big_house_1, grunt_orc_community_big_house_1,
          grunt_orc_community_house_2, grunt_orc_community_house_2,
          grunt_orc_community_house_3, grunt_orc_community_house_3,
          serial_shops, shop
Elf:1:    minmay_elf_arrival_plus, layout_gridlike, hangedman_corner_corridor,
          st_stairs_6
Elf:2:    layout_loops_corners, nicolae_elf_w_pinch
Vaults:1: vaults_room_door_hall, ontoclasm_vaults_spin,
          vaults_room_grunt_arrival_ludios, vaults_dpeg_spiral,
          nicolae_vaults_theta, st_more_cells, ontoclasm_vaults_gateway,
          nicolae_vaults_border_crossing, hangedman_vaults_river_flow,
          layout_vaults_maze_bifur, infiniplex_enter_wizlab_spiral
Vaults:2: vaults_standard_mumra_lines, nicolae_vaults_network_star,
          ontoclasm_vaults_ligature, vaults_dpeg_doors, st_cells,
          vaults_mumra_hex, nicolae_vaults_windows_and_doors_thing,
          nicolae_vaults_ninety_degrees, nicolae_vaults_shelves_hall,
          vaults_standard_mumra_enter_the_diamond,
          minmay_crypt_entry_skeletal_spiral, v_alt_pattern_3, v_misc_25,
          nicolae_vaults_rhombus_6, vaults_mumra_lcd, layout_vaults_ring,
          serial_shops, nicolae_shop_competitors_out_of_business, uniq_nikola,
          uniq_xtahua, uniq_saint_roka
Vaults:3: grunt_vaults_bifocal, hangedman_vaults_restitches,
          vaults_room_door_ring, vaults_standard_mumra_x, v_alt_pattern_5,
          nicolae_vaults_quartermaster, v_misc_16, nicolae_vaults_puzzle_piece,
          vaults_room_pool, nicolae_vaults_little_squares_1,
          vaults_mumra_minichess, vaults_dpeg_encased_lava,
          layout_vaults_big_cross
Vaults:4: nicolae_vaults_big_angled_halls, nicolae_vaults_specimen_jars,
          ontoclasm_vaults_decontamination, nicolae_vaults_little_squares_1,
          v_misc_27, hangedman_vaults_restitches, v_rooms_4,
          ontoclasm_vaults_claustrophobia, vaults_dpeg_hooks,
          layout_vaults_quadrants, uniq_sojobo

Skill      XL: |  1  2  3  4  5  6  7  8  9 10 11 12 13 14 15 16 17 18 19 20 21 22 23 |
---------------+----------------------------------------------------------------------+-----
Polearms       | 1 2 3 4 |  4.1
Fighting       | 2 3 4 5 6 7 8 9 10 11 12 14 15 16 17 18 | 18.2
Dodging        | 3 4 5 6 7 8 9 10 | 10.0
Stealth        | 2 |  2.0
Evocations     | 4 5 6 7 8 9 10 11 12 13 14 15 16 | 16.0
Maces & Flails | 2 4 6 8 10 11 12 14 15 16 | 16.0
Invocations    | 2 4 5 7 8 9 11 12 13 14 15 | 15.6
Shields        | 1 3 5 6 8 9 12 15 16 | 16.1
Armour         | 6 10 11 13 14 | 14.3
Spellcasting   | 1 2 |  2.1
Transmutations | 2 3 4 |  4.0
Earth Magic    | 2 3 4 |  4.0
Short Blades   | |  1.6

Action                   |  1- 3 |  4- 6 |  7- 9 | 10-12 | 13-15 | 16-18 | 19-21 | 22-24 || total
-------------------------+-------+-------+-------+-------+-------+-------+-------+-------++-------
Melee: Short sword       |    39 |       |       |       |       |       |       |       ||    39
       Kick              |    12 |    27 |   120 |   358 |   735 |  1071 |  1164 |   373 ||  3860
       Peck              |     6 |    21 |    66 |   215 |   431 |   672 |   788 |   248 ||  2447
       Spear             |    59 |   105 |   272 |       |       |       |       |       ||   436
       Whip              |       |     7 |   223 |   988 |  1385 |  1841 |  1337 |   320 ||  6101
       Unarmed           |       |       |     5 |       |       |       |       |       ||     5
       Morningstar       |       |       |     8 |    61 |   112 |   259 |   727 |   483 ||  1650
       Eveningstar       |       |       |     1 |       |       |       |       |       ||     1
       Great mace        |       |       |       |       |     5 |       |       |       ||     5
Throw: Stone             |     6 |    25 |    12 |       |       |       |       |       ||    43
       Boomerang         |       |       |    60 |    73 |    80 |       |       |       ||   213
       Dart              |       |       |    38 |   156 |   257 |   140 |    36 |       ||   627
       Javelin           |       |       |       |       |    12 |    58 |    10 |    14 ||    94
 Cast: Passwall          |       |       |       |       |       |       |    14 |       ||    14
Invok: Line Pass         |       |       |       |     1 |       |     1 |       |       ||     2
       Grand Finale      |       |       |       |       |     1 |       |       |       ||     1
 Abil: Fly               |       |     1 |       |       |       |       |       |       ||     1
       Stop Flying       |       |       |       |       |       |       |       |     1 ||     1
Evoke: Wand              |    11 |    19 |     1 |     3 |    32 |    36 |    15 |       ||   117
       Lightning rod     |       |       |       |       |     2 |       |       |       ||     2
       Lamp of fire      |       |       |       |       |       |       |     1 |       ||     1
  Use: Scroll            |       |     9 |     5 |     6 |    17 |     8 |     2 |     1 ||    48
       Potion            |       |     1 |       |     1 |     3 |    11 |     2 |     1 ||    19
 Stab: Sleeping          |     4 |     1 |     1 |    10 |     4 |     4 |     2 |     1 ||    27
       Paralysed         |       |       |     4 |    38 |    64 |   146 |   212 |    77 ||   541
       Distracted        |       |       |       |       |     1 |     1 |     6 |       ||     8
       Invisible         |       |       |       |       |     8 |       |       |       ||     8
       Confused          |       |       |       |       |       |     2 |       |       ||     2
       Held in net/web   |       |       |       |       |       |     2 |       |       ||     2
  Eat: Chunk             |     6 |     6 |    14 |    29 |    30 |    43 |    33 |    23 ||   184
       Ration            |       |     1 |     1 |       |     6 |     8 |     4 |       ||    20
Armor: Leather armour    |    11 |     8 |       |       |       |       |       |       ||    19
       Ring mail         |       |     3 |    81 |   160 |   163 |   164 |    98 |    53 ||   722
       Swamp dragon scal |       |       |       |       |       |    83 |    89 |       ||   172
Dodge: Dodged            |    31 |    47 |   211 |   564 |   479 |   731 |   681 |   158 ||  2902
Block: Other             |       |       |       |     4 |    91 |       |       |       ||    95
       Buckler           |       |       |       |       |   334 |   713 |       |       ||  1047
       Reflection        |       |       |       |       |    13 |    42 |    52 |    37 ||   144
       Shield            |       |       |       |       |       |   498 |  1234 |   386 ||  2118
